Map: Echo LE (Void)

Players

Musumeci

  • Race: Zerg Zerg
  • League: Diamond
  • Spawn Location: 11:00

Ariez - Winner!

  • Race: Terran Terran
  • League: Diamond
  • Spawn Location: 5:00

VOD

Have the link to the VOD?

Description

Time

  • Played on: Jan. 15, 2017, 4:15 p.m.
  • Length: 17:03
Show
View Real Time Build Order
Export as new Build Order

Musumeci Zerg 

Build Orders: Hatch First 

Get SALT Encoding   

  12  0:01  Drone  
  13  0:10  Drone  
  13  0:13  Extractor  
  14  0:30  Drone, Extractor  
  15  0:42  Hatchery  
  14  0:45  Extractor  
  14  0:46  Drone  
  15  1:09  Spawning Pool, Extractor  
  15  1:10  Drone  
  14  1:13  Extractor  
  14  1:14  Drone  
  14  1:21  Overlord  
  16  1:39  Drone x2  
  18  1:42  Drone  
  19  1:55  Queen x2  
  19  1:56  Drone  
  19  1:59  Drone  
  25  2:05  Overlord  
  25  2:09  Drone  
  25  2:14  Drone  
  27  2:31  Queen x2  
  27  2:32  Spore Crawler  
  31  2:48  Overlord  
  31  2:51  Overlord  
  31  2:53  Drone x4  
  35  2:59  Drone  
  36  3:18  Drone  
  36  3:19  Drone x5  
  42  3:25  Drone, Extractor x2  
  42  3:26  Drone x2, Roach Warren  
  42  3:43  Extractor  
  41  3:59  Hatchery  
  41  4:11  Drone x2  
  41  4:12  Drone x8  
  41  4:13  Lair  
  51  4:33  Evolution Chamber  
  51  4:34  Overlord  
  51  4:35  Evolution Chamber, Overlord  
  51  4:38  Overlord  
  49  4:58  Roach x4  
  49  4:59  Roach x4  
  65  5:05  Drone  
  65  5:07  Drone x3  
  67  5:08  Extractor  
  68  5:16  Spore Crawler  
  68  5:17  Spore Crawler  
  68  5:19  Drone x3  
  69  5:21  Spore Crawler  
  69  5:22  Drone x2, Spore Crawler  
  69  5:23  Spore Crawler  
  69  5:26  Drone x3  
  69  5:27  Extractor  
  70  5:32  Zerg Missile Weapons Level 1  
  68  6:08  Drone x14  
  82  6:31  Extractor x2  
  82  6:32  Glial Reconstitution  
  80  6:34  Zerg Ground Armor Level 1  
  80  6:35  Roach  
  80  6:36  Overlord  
  80  6:37  Overlord x4  
  82  6:54  Queen  
  82  6:58  Drone x10  
  94  7:02  Ravager x6  
  94  7:03  Overlord  
  80  7:23  Roach x12  
  64  7:52  Roach x11  
  64  7:56  Ravager  
  81  8:05  Ravager x4  
  85  8:18  Ravager x5  
  85  8:19  Roach x7  
  94  8:30  Hatchery  
  93  8:39  Roach x4  
  93  8:40  Roach  
  103  8:45  Hatchery  
  103  8:46  Roach  
  104  8:50  Drone  
  104  8:52  Ravager x2  
  107  9:01  Zerg Missile Weapons Level 2  
  107  9:05  Drone x2  
  107  9:06  Drone  
  98  9:27  Ravager  
  98  9:28  Ravager  
  98  9:34  Ravager  
  98  9:38  Roach x5  
  103  9:40  Drone x3  
  77  10:08  Extractor  
  77  10:09  Roach x9  
  77  10:10  Roach x3, Extractor  
  84  10:26  Ravager x4  
  86  10:31  Roach x5  
  96  10:44  Drone x10  
  100  11:03  Roach x10  
  98  11:11  Zerg Ground Armor Level 2  
  98  11:12  Overseer  
  98  11:18  Queen  
  98  11:21  Queen  
  98  11:23  Roach  
  98  11:24  Roach x4  
  112  11:26  Ravager x3  
  112  11:27  Ravager  
  116  11:42  Drone x2, Spore Crawler  
  116  11:43  Spore Crawler  
  116  11:45  Spine Crawler  
  115  11:48  Spine Crawler  
  115  11:51  Roach  
  116  11:56  Ravager x4  
  118  12:34  Roach x6  
  118  12:36  Ravager x6  
  136  12:47  Overseer  
  136  12:59  Spine Crawler  
  136  13:00  Spine Crawler, Drone  
  136  13:01  Drone  
  136  13:04  Overlord x5  
  136  13:33  Ravager  
  136  13:34  Ravager x10  
  147  13:44  Drone x4  
  151  14:03  Overlord x2  
  151  14:04  Overlord x2  
  130  14:25  Hatchery  
  130  14:30  Roach x6  
  130  14:31  Roach x9  
  147  14:34  Overseer  
  147  14:35  Overseer  
  132  14:51  Roach  
  132  14:52  Roach x13  
  105  15:01  Roach x4  
  105  15:03  Ravager  
  105  15:04  Ravager x3  
  108  15:18  Ravager x2  
  106  15:27  Roach x3  
  83  15:46  Roach x10  
  83  15:48  Ravager  
  83  15:49  Ravager x3  
  85  15:55  Roach x2  
  89  16:06  Ravager x5  
  89  16:07  Ravager x5  
  99  16:22  Hatchery  
Show
View Real Time Build Order
Export as new Build Order

Ariez Terran - Winner!

Build Orders: Reaper Expand, MMM Bio 

Get SALT Encoding   

  12  0:00  SCV  
  13  0:13  SCV  
  14  0:18  Supply Depot  
  14  0:25  SCV  
  15  0:39  SCV  
  15  0:41  Barracks  
  16  0:47  Refinery  
  16  0:51  SCV  
  17  1:03  SCV  
  18  1:16  SCV  
  19  1:28  Orbital Command  
  19  1:29  Supply Depot  
  19  1:30  Reaper  
  20  1:51  Command Center  
  20  1:54  SCV  
  21  2:02  Barracks Reactor  
  21  2:10  SCV  
  21  2:11  Barracks  
  21  2:12  Refinery  
  22  2:22  SCV  
  23  2:28  Factory  
  23  2:34  SCV  
  24  2:40  Marine  
  24  2:41  Marine  
  26  2:46  SCV  
  27  2:58  SCV, Barracks Tech Lab  
  28  2:59  Marine  
  28  3:00  Marine  
  30  3:08  Supply Depot  
  30  3:10  SCV  
  31  3:17  Marine x2  
  31  3:19  Stimpack, Factory Reactor  
  33  3:24  SCV  
  33  3:26  Orbital Command  
  34  3:30  Marine  
  35  3:36  Starport  
  35  3:45  Marine x2  
  35  3:46  SCV  
  38  3:52  SCV  
  38  3:53  Marine  
  40  4:02  SCV  
  41  4:04  SCV  
  41  4:05  Supply Depot  
  41  4:06  Marine x2  
  41  4:09  Factory Reactor  
  44  4:13  Engineering Bay  
  44  4:14  SCV  
  45  4:19  SCV  
  45  4:20  Supply Depot  
  47  4:24  Medivac  
  47  4:26  SCV, Medivac  
  47  4:31  SCV  
  52  4:34  Marine  
  52  4:35  Marine x2  
  55  4:43  Supply Depot  
  55  4:44  SCV  
  56  4:46  Refinery  
  56  4:50  Terran Infantry Weapons Level 1  
  56  4:52  Marine  
  57  5:06  Marine x2  
  59  5:09  Medivac  
  59  5:10  SCV, Marine  
  63  5:19  Combat Shields  
  63  5:24  Marine x2  
  63  5:27  Barracks, Command Center  
  65  5:31  Barracks  
  64  5:48  Marine x2  
  64  5:49  Medivac  
  68  5:56  Marine  
  67  6:06  Marine x2  
  61  6:11  Armory, Engineering Bay  
  61  6:14  Marine  
  61  6:16  SCV  
  63  6:20  Refinery, Barracks Tech Lab x2  
  63  6:22  Widow Mine x2  
  67  6:26  Supply Depot  
  67  6:31  Marine  
  67  6:32  Marauder, SCV  
  71  6:33  SCV  
  71  6:38  Marine  
  73  6:40  Marauder  
  73  6:45  Planetary Fortress  
  75  6:49  Marauder, Marine  
  75  6:50  SCV  
  75  6:52  SCV  
  80  6:55  Widow Mine x2  
  80  6:59  Marauder  
  86  7:01  Marauder  
  86  7:02  SCV, Supply Depot  
  86  7:03  Medivac  
  86  7:04  SCV  
  92  7:22  Marauder x2, Medivac  
  95  7:23  Marauder  
  95  7:27  Marine x2  
  98  7:43  Marauder  
  99  7:51  Marauder  
  99  7:57  Marauder  
  101  8:01  Widow Mine  
  101  8:03  Terran Infantry Weapons Level 2  
  101  8:04  Terran Infantry Armor Level 1  
  101  8:05  Marauder  
  104  8:06  Marine x2  
  104  8:12  Marauder  
  108  8:19  Marauder  
  106  8:22  SCV  
  106  8:24  Refinery  
  106  8:26  Marauder  
  107  8:33  Marauder  
  107  8:40  Barracks, Marine  
  107  8:41  Marine  
  109  8:43  Barracks x2  
  109  8:46  Barracks  
  109  8:54  Supply Depot  
  109  8:56  Widow Mine, Marauder x3, Supply Depot  
  109  8:57  Supply Depot  
  117  9:06  SCV  
  117  9:12  SCV  
  117  9:15  Widow Mine  
  115  9:18  Marauder x3  
  115  9:19  Marine x2  
  122  9:35  Barracks Tech Lab x4  
  122  9:37  Medivac x2  
  126  9:39  Marauder  
  126  9:40  Marauder x2, SCV x2  
  134  9:46  Marine  
  134  9:51  Reaper  
  116  10:01  Marauder x2  
  92  10:08  Marauder, Marine x2  
  92  10:10  Marauder  
  92  10:11  Marauder x2, Medivac x2  
  100  10:20  SCV  
  101  10:41  Terran Infantry Weapons Level 3  
  103  10:44  Terran Infantry Armor Level 2  
  103  10:46  Command Center  
  81  11:10  Marauder  
  78  11:12  Marauder x2  
  78  11:13  Medivac x2  
  78  11:15  Marauder  
  78  11:16  Marauder  
  90  11:19  Marauder, Marine x2  
  94  11:27  Marauder  
  94  11:31  Marine  
  97  11:33  Marauder, Marine  
  97  11:34  SCV  
  97  11:37  Marauder, SCV  
  104  11:42  Marauder, Medivac  
  110  11:47  Marauder  
  110  11:48  Marauder  
  112  12:00  Refinery  
  112  12:09  Marauder x2  
  112  12:10  Medivac  
  116  12:22  Widow Mine x2, Marauder  
  123  12:30  SCV x2  
  123  12:31  Orbital Command  
  120  12:39  Marauder  
  122  12:48  Marauder x2  
  122  12:50  Marauder x2, Marine  
  131  12:55  Marauder, Command Center  
  135  12:58  Marauder  
  135  13:04  Marauder  
  137  13:08  Supply Depot  
  137  13:09  Marauder  
  137  13:10  Supply Depot  
  137  13:12  Marauder, Marine  
  142  13:14  Concussive Shells  
  142  13:20  Unknown  
  142  13:21  Unknown  
  142  13:31  Marauder x2  
  142  13:32  Marauder, Medivac  
  150  13:35  Marauder  
  150  13:40  SCV  
  150  13:41  Marauder x2  
  157  13:42  Marauder  
  157  13:43  Unknown  
  157  13:46  Marine, Supply Depot  
  160  13:52  Marauder x2  
  164  13:59  Refinery  
  164  14:02  Widow Mine  
  164  14:03  Widow Mine  
  164  14:04  Marauder x2  
  164  14:08  Orbital Command  
  172  14:11  Marauder x2  
  172  14:13  Marauder  
  178  14:18  Marauder  
  162  14:31  Marauder x2  
  162  14:33  Marauder  
  162  14:34  Marauder  
  132  14:59  Marauder x2, Medivac  
  134  15:00  Widow Mine x2, Marauder, Marine x2  
  134  15:02  Marauder  
  134  15:06  Marauder x2  
  146  15:10  Marauder  
  148  15:20  Marauder  
  148  15:21  Marauder  
  152  15:22  Marauder  
  152  15:27  Marauder x2  
  152  15:28  Marauder  
  160  15:29  Medivac  
  160  15:31  Marauder  
  163  15:41  Marauder  
  147  15:52  Marauder x3  
  147  15:53  SCV  
  147  15:54  SCV  
  159  15:57  Marauder x2, Medivac  
  159  15:58  Marauder  
  159  15:59  Widow Mine  
  159  16:03  Marauder  
  167  16:06  Command Center  
  167  16:13  Marauder x2  
  167  16:14  Marauder  
  177  16:18  Marauder x2  
  177  16:20  Marauder, Medivac  
  177  16:24  Marauder  
  183  16:27  Medivac  
  183  16:34  Marauder x2  
  183  16:35  Marauder  
  192  16:40  Marauder x2  
  192  16:41  Marauder  
Tags
 
Add a new tag
Caveats
  • Supply blocks, unpowered buildings, or Contaminate may cause inaccurate times.
  • Supply counts are checked every 10 seconds.